ABL
NEWCASTLE BOMBERS @ MANLY-WARRINGAH SEA EAGLES
06/04/2022
 
TOP OF THE 1ST
Newcastle Bombers batting - Pitching for Manly-Warringah Sea Eagles : RHP Buddie Morgan
Pitching: RHP Buddie Morgan
Batting: LHB Darby Wellington 0-0: Foul Ball, location: 2F
0-1: Ball
1-1: Foul Ball, location: 2F
1-2: Foul Ball, location: 5F
1-2: Ball
2-2: Foul Ball, location: 23F
2-2: Foul Ball, location: 7LDF
2-2: Ball
3-2: Ground out 6-3 (Groundball, P, EV 83.1 MPH)
Batting: LHB Danny Newham 0-0: Ball
1-0: Swinging Strike
1-1: Called Strike
1-2: Ball
2-2: Ball
3-2: Strikes out swinging
Batting: RHB Frank Elmar 0-0: Foul Ball, location: 2F
0-1: SINGLE (Line Drive, 8LS, EV 98.1 MPH)
Batting: RHB Matthew Holder 0-0: Called Strike
0-1: Ball
1-1: Ball
2-1: Foul Ball, location: 2F
2-2: 2-RUN HOME RUN (Flyball, 78XD, EV 106.9 MPH), Distance : 410 ft
Batting: RHB Rowland Whiffin 0-0: Ball
1-0: Foul Ball, location: 5FF
1-1: Ball
2-1: Swinging Strike
2-2: Strikes out looking
Top of the 1st over - 2 runs, 2 hits, 0 errors, 0 left on base; Newcastle 2 - Manly-Warringah 0
BOTTOM OF THE 1ST
Manly-Warringah Sea Eagles batting - Pitching for Newcastle Bombers : RHP Herb Bartholomew
Pitching: RHP Herb Bartholomew
Batting: LHB Tris Malcolm 0-0: Foul Ball, location: 2F
0-1: SINGLE (Line Drive, 5D, EV 101.9 MPH)
Batting: LHB Leigh Seldon 0-0: Ball
1-0: Grounds into double play, U6-3 (Groundball, 4MD, EV 106.3 MPH)
Batting: RHB Bill Warburton 0-0: Ball
1-0: Ball
2-0: Called Strike
2-1: Swinging Strike
2-2: Foul Ball, location: 2F
2-2: Foul Ball, location: 9LSF
2-2: Fly out, F8 (Flyball, 89M, EV 96.3 MPH)
Bottom of the 1st over - 0 runs, 1 hit, 0 errors, 0 left on base; Newcastle 2 - Manly-Warringah 0
TOP OF THE 2ND
Newcastle Bombers batting - Pitching for Manly-Warringah Sea Eagles : RHP Buddie Morgan
Batting: LHB Rafael Pichardo 0-0: Swinging Strike
0-1: Ball
1-1: Ball
2-1: Ball
3-1: DOUBLE (Flyball, 8LXD, EV 98.8 MPH)
Batting: RHB Everett Essex 0-0: Foul Ball, location: 2F
0-1: Ball
1-1: Foul Ball, location: 2F
1-2: Foul Ball, location: 2F
1-2: DOUBLE (Line Drive, 5D, EV 96.3 MPH)
Rafael Pichardo scores
Batting: RHB Herb Bartholomew 0-0: Ball
1-0: Bunted foul
1-1: Bunted foul
1-2: Sac Bunt to 15 - play at first, batter OUT! 1-4
Everett Essex to third
Batting: RHB Newt Dingle 0-0: Called Strike
0-1: Ball
1-1: Ball
2-1: Ball
3-1: Base on Balls
Batting: LHB Darby Wellington 0-0: Ball
1-0: Ball
2-0: SINGLE (Line Drive, 34, EV 97.5 MPH)
Everett Essex scores
Newt Dingle to second
Batting: LHB Danny Newham 0-0: Foul Ball, location: 7LSF
0-1: Ball
1-1: Ball
2-1: Foul Ball, location: 9LMF
2-2: Ball
3-2: Strikes out swinging
Batting: RHB Frank Elmar 0-0: Ball
1-0: Foul Ball, location: 7LMF
1-1: Ball
2-1: Foul Ball, location: 2F
2-2: Ground out 1-3 (Groundball, 15S, EV 65.0 MPH)
Top of the 2nd over - 2 runs, 3 hits, 0 errors, 2 left on base; Newcastle 4 - Manly-Warringah 0
BOTTOM OF THE 2ND
Manly-Warringah Sea Eagles batting - Pitching for Newcastle Bombers : RHP Herb Bartholomew
Batting: LHB Clem Ballard 0-0: Ball
1-0: Fly out, F7 (Flyball, 7D, EV 106.9 MPH)
Batting: RHB Matthew Adam 0-0: Ball
1-0: Ball
2-0: Ball
3-0: Called Strike
3-1: Foul Ball, location: 23F
3-2: Foul Ball, location: 5FF
3-2: Ground out U3 (Groundball, 34S, EV 81.9 MPH)
Batting: RHB Chris Strutt 0-0: Ground out 6-3 (Groundball, 56, EV 105.0 MPH)
Bottom of the 2nd over - 0 runs, 0 hits, 0 errors, 0 left on base; Newcastle 4 - Manly-Warringah 0
TOP OF THE 3RD
Newcastle Bombers batting - Pitching for Manly-Warringah Sea Eagles : RHP Buddie Morgan
Batting: RHB Matthew Holder 0-0: Ball
1-0: Fly out, F3 (Popup, 3F, EV 69.4 MPH)
Batting: RHB Rowland Whiffin 0-0: Ball
1-0: Called Strike
1-1: Called Strike
1-2: Foul Ball, location: 7LSF
1-2: Foul Ball, location: 3FF
1-2: Foul Ball, location: 25F
1-2: Foul Ball, location: 2F
1-2: Strikes out swinging
Batting: LHB Rafael Pichardo 0-0: Foul Ball, location: 2F
0-1: Ground out 1-3 (Groundball, 13S, EV 73.8 MPH)
Top of the 3rd over - 0 runs, 0 hits, 0 errors, 0 left on base; Newcastle 4 - Manly-Warringah 0
BOTTOM OF THE 3RD
Manly-Warringah Sea Eagles batting - Pitching for Newcastle Bombers : RHP Herb Bartholomew
Batting: LHB Greg Mundine 0-0: Called Strike
0-1: Ball
1-1: Ball
2-1: Ball
3-1: Swinging Strike
3-2: Foul Ball, location: 2F
3-2: Foul Ball, location: 23F
3-2: Ground out 4-3 (Groundball, 4, EV 101.9 MPH)
Now at 2B: Ray Sweeney
Batting: RHB Owen Shufflebottom 0-0: Ball
1-0: Ball
2-0: Called Strike
2-1: Called Strike
2-2: Fly out, F3 (Popup, 3SF, EV 71.3 MPH)
Batting: RHB Buddie Morgan 0-0: Ground out 6-3 (Groundball, 56, EV 89.4 MPH)
Bottom of the 3rd over - 0 runs, 0 hits, 0 errors, 0 left on base; Newcastle 4 - Manly-Warringah 0
TOP OF THE 4TH
Newcastle Bombers batting - Pitching for Manly-Warringah Sea Eagles : RHP Buddie Morgan
Batting: RHB Everett Essex 0-0: Ball
1-0: Ball
2-0: Swinging Strike
2-1: Called Strike
2-2: Foul Ball, location: 9LMF
2-2: Ground out 6-3 (Groundball, 6, EV 100.0 MPH)
Batting: RHB Herb Bartholomew 0-0: Called Strike
0-1: Ground out 3-1 (Groundball, 34, EV 103.8 MPH)
Batting: RHB Newt Dingle 0-0: Called Strike
0-1: Ball
1-1: Called Strike
1-2: Ball
2-2: Strikes out swinging
Top of the 4th over - 0 runs, 0 hits, 0 errors, 0 left on base; Newcastle 4 - Manly-Warringah 0
BOTTOM OF THE 4TH
Manly-Warringah Sea Eagles batting - Pitching for Newcastle Bombers : RHP Herb Bartholomew
Batting: LHB Tris Malcolm 0-0: SINGLE (Groundball, 4, EV 103.1 MPH) (infield hit)
Batting: LHB Leigh Seldon 0-0: Ball
1-0: Ball
2-0: 2-RUN HOME RUN (Flyball, 9D, EV 106.3 MPH), Distance : 390 ft
Batting: RHB Bill Warburton 0-0: Called Strike
0-1: Fly out, F7 (Flyball, 78S, EV 98.8 MPH)
Batting: LHB Clem Ballard 0-0: Foul Ball, location: 25F
0-1: Called Strike
0-2: Ball
1-2: Ball
2-2: Ball
3-2: SINGLE (Groundball, 4MD, EV 94.4 MPH)
Batting: RHB Matthew Adam 0-0: Fly out, F9 (Flyball, 89D, EV 92.5 MPH)
Batting: RHB Chris Strutt 0-0: Foul Ball, location: 2F
0-1: Foul Ball, location: 2F
0-2: Foul Ball, location: 9LMF
0-2: Strikes out swinging
Bottom of the 4th over - 2 runs, 3 hits, 0 errors, 1 left on base; Newcastle 4 - Manly-Warringah 2
TOP OF THE 5TH
Newcastle Bombers batting - Pitching for Manly-Warringah Sea Eagles : RHP Buddie Morgan
Batting: LHB Darby Wellington 0-0: Ball
1-0: Ball
2-0: Ball
3-0: Base on Balls
Batting: LHB Danny Newham 0-0: Fly out, F8 (Line Drive, 8LD, EV 94.4 MPH)
Batting: RHB Frank Elmar 0-0: Ball
1-0: Ball
2-0: Called Strike
2-1: SINGLE (Groundball, 6D, EV 107.5 MPH)
Darby Wellington to second
Batting: RHB Matthew Holder 0-0: Ball
1-0: Ball
2-0: Foul Ball, location: 7LMF
2-1: Ball
3-1: Ground out 5-3 (Groundball, 5S, EV 65.6 MPH)
Darby Wellington to third
Frank Elmar to second
Batting: RHB Ray Sweeney 0-0: Fly out, F6 (Popup, 56, EV 58.8 MPH)
Top of the 5th over - 0 runs, 1 hit, 0 errors, 2 left on base; Newcastle 4 - Manly-Warringah 2
BOTTOM OF THE 5TH
Manly-Warringah Sea Eagles batting - Pitching for Newcastle Bombers : RHP Herb Bartholomew
Batting: LHB Greg Mundine 0-0: Called Strike
0-1: DOUBLE (Line Drive, 9LS, EV 104.4 MPH)
Batting: RHB Owen Shufflebottom 0-0: Foul Ball, location: 25F
0-1: Ball
1-1: Ball
2-1: Swinging Strike
2-2: Ball
3-2: DOUBLE (Flyball, 8LXD, EV 101.3 MPH)
Greg Mundine scores
Pinch Hitting: RHB Bill Agar 0-0: Fly out, F9 (Flyball, 9, EV 100.6 MPH)
Runner from 2nd tags up, OUT at 3rd! 9-5
Batting: LHB Tris Malcolm 0-0: Foul Ball, location: 7LMF
0-1: Ball
1-1: Foul Ball, location: 7LSF
1-2: Ground out 4-3 (Groundball, 4, EV 80.6 MPH)
Bottom of the 5th over - 1 run, 2 hits, 0 errors, 0 left on base; Newcastle 4 - Manly-Warringah 3
TOP OF THE 6TH
Newcastle Bombers batting - Pitching for Manly-Warringah Sea Eagles : RHP Buddie Morgan
Pitching: RHP Chris Dallas
Batting: LHB Rafael Pichardo 0-0: Ball
1-0: Swinging Strike
1-1: Foul Ball, location: 7LMF
1-2: Foul Ball, location: 23F
1-2: Ball
2-2: Strikes out swinging
Batting: RHB Everett Essex 0-0: Called Strike
0-1: Called Strike
0-2: Ball
1-2: Ball
2-2: Ground out 4-3 (Groundball, 4MS, EV 94.4 MPH)
Batting: RHB Herb Bartholomew 0-0: Ball
1-0: Foul Ball, location: 23F
1-1: Swinging Strike
1-2: Strikes out swinging
Top of the 6th over - 0 runs, 0 hits, 0 errors, 0 left on base; Newcastle 4 - Manly-Warringah 3
BOTTOM OF THE 6TH
Manly-Warringah Sea Eagles batting - Pitching for Newcastle Bombers : RHP Herb Bartholomew
Batting: LHB Leigh Seldon 0-0: Swinging Strike
0-1: Ball
1-1: Swinging Strike
1-2: Strikes out swinging
Batting: RHB Bill Warburton 0-0: Foul Ball, location: 23FF
0-1: Ground out 1-3 (Groundball, 15S, EV 63.8 MPH)
Batting: LHB Clem Ballard 0-0: Ball
1-0: Ball
2-0: Called Strike
2-1: Ball
3-1: Base on Balls
Batting: RHB Matthew Adam 0-0: Ground out 6-3 (Groundball, P, EV 83.8 MPH)
Bottom of the 6th over - 0 runs, 0 hits, 0 errors, 1 left on base; Newcastle 4 - Manly-Warringah 3
TOP OF THE 7TH
Newcastle Bombers batting - Pitching for Manly-Warringah Sea Eagles : RHP Chris Dallas
Batting: RHB Newt Dingle 0-0: Ball
1-0: Called Strike
1-1: Foul Ball, location: 2F
1-2: Ball
2-2: Ball
3-2: Foul Ball, location: 9LMF
3-2: Foul Ball, location: 2F
3-2: SINGLE (Groundball, 25, EV 68.1 MPH) (infield hit)
Batting: LHB Darby Wellington 0-0: Called Strike
0-1: Bunted foul
0-2: Ball
1-2: SINGLE (Groundball, 4MD, EV 106.3 MPH)
Newt Dingle to second
Batting: LHB Danny Newham 0-0: Ball
1-0: Called Strike
1-1: Ball
2-1: Called Strike
2-2: Strikes out swinging
Batting: RHB Frank Elmar 0-0: Ball
1-0: Called Strike
1-1: Called Strike
1-2: Ball
2-2: Foul Ball, location: 3F
2-2: Foul Ball, location: 25F
2-2: Strikes out swinging
Batting: RHB Matthew Holder 0-0: Called Strike
0-1: Foul Ball, location: 23F
0-2: Strikes out swinging
Top of the 7th over - 0 runs, 2 hits, 0 errors, 2 left on base; Newcastle 4 - Manly-Warringah 3
BOTTOM OF THE 7TH
Manly-Warringah Sea Eagles batting - Pitching for Newcastle Bombers : RHP Herb Bartholomew
Batting: RHB Chris Strutt 0-0: Swinging Strike
0-1: Ball
1-1: Ball
2-1: Ground out 6-3 (Groundball, 6, EV 87.5 MPH)
Batting: LHB Greg Mundine 0-0: Ground out 6-3 (Groundball, 6, EV 76.3 MPH)
Batting: RHB Owen Shufflebottom 0-0: Foul Ball, location: 7LSF
0-1: Ball
1-1: Foul Ball, location: 3FF
1-2: Strikes out swinging
Bottom of the 7th over - 0 runs, 0 hits, 0 errors, 0 left on base; Newcastle 4 - Manly-Warringah 3
TOP OF THE 8TH
Newcastle Bombers batting - Pitching for Manly-Warringah Sea Eagles : RHP Chris Dallas
Batting: RHB Ray Sweeney 0-0: Foul Ball, location: 9LMF
0-1: Foul Ball, location: 2F
0-2: Fly out, F8 (Flyball, 8RM, EV 91.3 MPH)
Batting: LHB Rafael Pichardo 0-0: Ball
1-0: Ball
2-0: Foul Ball, location: 7LMF
2-1: Ball
3-1: Foul Ball, location: 7LMF
3-2: Foul Ball, location: 7LSF
3-2: Foul Ball, location: 7LMF
3-2: Fly out, F7 (Flyball, 7LS, EV 83.8 MPH)
Batting: RHB Everett Essex 0-0: Foul Ball, location: 2F
0-1: Ground out 6-3 (Groundball, 6M, EV 106.9 MPH)
Top of the 8th over - 0 runs, 0 hits, 0 errors, 0 left on base; Newcastle 4 - Manly-Warringah 3
BOTTOM OF THE 8TH
Manly-Warringah Sea Eagles batting - Pitching for Newcastle Bombers : RHP Herb Bartholomew
Pinch Hitting: LHB Ray Richard 0-0: Ball
1-0: SOLO HOME RUN (Flyball, 7D, EV 105.0 MPH), Distance : 386 ft
Pitching: RHP Benny Scanlan
Batting: LHB Tris Malcolm 0-0: Foul Ball, location: 2F
0-1: Foul Ball, location: 3F
0-2: Ball
1-2: Foul Ball, location: 5F
1-2: Strikes out swinging
Pitching: LHP Alf Ross
Pinch Hitting: RHB Josh Reed 0-0: Ball
1-0: SOLO HOME RUN (Flyball, 9LD, EV 94.4 MPH), Distance : 338 ft
Batting: RHB Bill Warburton 0-0: Called Strike
0-1: Swinging Strike
0-2: Reached on error, E6 (Groundball, 6, EV 78.1 MPH)
Batting: LHB Clem Ballard 0-0: Called Strike
0-1: Ball
1-1: Foul Ball, location: 3DF
1-2: Strikes out swinging
Batting: RHB Matthew Adam 0-0: Fielders Choice at 2nd, 6-4 (Groundball, 6, EV 95.6 MPH)
Bottom of the 8th over - 2 runs, 2 hits, 1 error, 1 left on base; Newcastle 4 - Manly-Warringah 5
TOP OF THE 9TH
Newcastle Bombers batting - Pitching for Manly-Warringah Sea Eagles : RHP Chris Dallas
Pitching: RHP Sean Musgrave
Now at 1B: Ray Richard
Now in LF: Greg Sandall
Now in RF: Josh Reed
Pinch Hitting: RHB Jarrad Johnson 0-0: Foul Ball, location: 2F
0-1: Called Strike
0-2: Ball
1-2: Ball
2-2: Fly out, F5 (Popup, 5SF, EV 71.9 MPH)
Batting: RHB Newt Dingle 0-0: Ball
1-0: Swinging Strike
1-1: Foul Ball, location: 2F
1-2: Strikes out swinging
Batting: LHB Darby Wellington 0-0: Foul Ball, location: 5F
0-1: Ball
1-1: Swinging Strike
1-2: SINGLE (Flyball, 8RS, EV 96.9 MPH)
Batting: LHB Danny Newham 0-0: Ball
1-0: Foul Ball, location: 2F
1-1: Ball
2-1: Ball
3-1: Foul Ball, location: 5SF
3-2: Foul Ball, location: 5F
3-2: Foul Ball, location: 23FF
3-2: Fly out, F9 (Flyball, 9S, EV 97.5 MPH)
Top of the 9th over - 0 runs, 1 hit, 0 errors, 1 left on base; Newcastle 4 - Manly-Warringah 5
Monday, May 6th , 2024 - OOTP Baseball 24.9 Build 80